 Dungeon Crawl Stone Soup version 0.20-a0-351-gc9b4002 (webtiles) character file.

275 HarryHood the Skirmisher (level 6, 0/85 HPs)
             Began as a Draconian Abyssal Knight on Dec 26, 2016.
             Was a Priest of Lugonu.
             Slain by Natasha (8 damage)
             ... on level 4 of the Dungeon.
             The game lasted 00:11:01 (3598 turns).

HarryHood the Skirmisher (Draconian Abyssal Knight) Turns: 3598, Time: 00:11:02

Health: 0/85       AC:  6    Str: 19    XL:     6   Next: 3%
Magic:  7/7        EV: 12    Int: 15    God:    Lugonu [***...]
Gold:   230        SH:  0    Dex: 12    Spells: 5/5 levels left

rFire  . . .     SeeInvis .     a - +1 mace
rCold  . . .     Gourm    .     (armour unavailable)
rNeg   . . .     Faith    .     (no shield)
rPois  .         Spirit   .     (helmet restricted)
rElec  .         Reflect  .     (no cloak)
rCorr  .         Harm     .     (no gloves)
MR     +....                    (no boots)
Stlth  ..........               (no amulet)
                                p - +2 ring of intelligence
                                m - ring of protection from magic

@: berserking, very quick
A: unfitting armour, cold-blooded, AC +6
a: Depart the Abyss, Bend Space, Banish, Renounce Religion


You were on level 4 of the Dungeon.
You worshipped Lugonu.
Lugonu was most pleased with you.
You were not hungry.

You visited 1 branch of the dungeon, and saw 4 of its levels.
You visited the Abyss 1 time.

You collected 230 gold pieces.

Inventory:

Hand Weapons
 a - a +1 mace (weapon)
Jewellery
 m - a ring of protection from magic (left hand)
 p - a +2 ring of intelligence (right hand)
Wands
 n - a wand of iceblast (8/15)
Scrolls
 d - 2 scrolls of remove curse {@r2}
 e - a scroll of teleportation
 h - a scroll of amnesia {!r}
 k - 2 scrolls of identify {@r1}
 q - 4 scrolls of blinking {unknown}
Potions
 f - 2 potions of flight
Comestibles
 b - 4 bread rations {@e1}
 c - 3 meat rations {@e1}
 i - a slice of pizza {@e2}
 j - a beef jerky {@e2}
 l - 3 fruits {@e2}
 o - 3 chunks of flesh


   Skills:
 - Level 6.0 Fighting
 * Level 4.4 Maces & Flails
 - Level 2.1 Dodging
 - Level 2.0 Invocations


You had 5 spell levels left.
You didn't know any spells.

Dungeon Overview and Level Annotations

Branches:
Dungeon (4/15)
 Temple: D:4-7

Altars:
Hepliaklqana
Zin
The Shining One

Annotations:
D:4 Natasha


Innate Abilities, Weirdness & Mutations

Your plain brown scales are hard. (AC +6)
You cannot fit into any form of body armour.
You are cold-blooded and may be slowed by cold attacks.


Message History

* * * LOW HITPOINT WARNING * * *
Natasha closely misses you.
A red film seems to cover your vision as you go berserk!
You feel yourself moving faster!
You feel mighty! The hound bites you.
* * * LOW HITPOINT WARNING * * *
The hound closely misses you. The iron imp barely misses you.
Natasha barely misses you.
You completely miss Natasha.
Your tail-slap misses Natasha.
Natasha is heavily wounded.
The hound bites you but does no damage. Natasha claws you!
* * * LOW HITPOINT WARNING * * *
The iron imp barely misses you.
You hit Natasha.
Natasha is severely wounded.
The hound bites you.
* * * LOW HITPOINT WARNING * * *
You closely miss Natasha.
Natasha is severely wounded.
The hound barely misses you. Natasha claws you!
You die...

# .# #'## ##h..##
##@5...## # ##h......##
....####.........#
.......'.........+
#...####........[######
. ##......###≈≈≈≈##
##....###≈≈≈≈≈≈###.
##..........≈≈....
##[.........≈≈...


You could see a hound, an iron imp and Natasha.

Vanquished Creatures
  A gnoll shaman (D:4)
  Natasha (D:4)
  2 worker ants (D:4)
  A worker ant zombie (D:3)
  4 gnolls (D:3)
  3 adders
  An ooze (D:3)
  3 worms
  4 dart slugs
  2 leopard geckos
  7 orcs (D:3)
  4 bats (D:3)
  3 giant cockroaches
  5 goblins
  6 hobgoblins
  7 jackals
  A quokka (D:4)
  A ball python skeleton (D:4)
  8 frilled lizards
  5 kobolds
  A quokka skeleton (D:4)
  10 rats
80 creatures vanquished.

Notes
Turn   | Place    | Note
-------+----------+-------------------------------------------
     0 | Abyss:1  | HarryHood the Draconian Abyssal Knight began the quest for the Orb.
     0 | Abyss:1  | Reached XP level 1. HP: 19/19 MP: 2/2
    32 | D:1      | Escaped the Abyss
   231 | D:1      | Reached XP level 2. HP: 9/27 MP: 3/3
   501 | D:1      | Reached skill level 4 in Fighting
  1139 | D:2      | Reached XP level 3. HP: 28/34 MP: 4/4
  1168 | D:2      | Reached ** piety under Lugonu
  1204 | D:2      | Found a hazy altar of Hepliaklqana.
  1208 | D:2      | Found a glowing silver altar of Zin.
  1209 | D:2      | Found a glowing golden altar of the Shining One.
  1265 | D:2      | Reached skill level 5 in Fighting
  1582 | D:3      | Reached XP level 4. HP: 42/42 MP: 5/5
  2070 | D:3      | Reached skill level 6 in Fighting
  2380 | D:3      | Reached XP level 5. HP: 37/50 MP: 6/6
  2883 | D:4      | Noticed Natasha
  2912 | D:4      | Killed Natasha
  3036 | D:4      | Reached *** piety under Lugonu
  3543 | D:4      | Reached XP level 6. HP: 50/57 MP: 7/7
  3579 | D:4      | Noticed Natasha
  3598 | D:4      | Slain by Natasha

Vault maps used:
D:1:      dpeg_arrival_ratfight, serial_park_tiny_1
D:2:      minitemple
D:3:      first_bread
D:4:      cheibrodos_helix_gallery, uniq_natasha

Skill      XL: |  1  2  3  4  5 |
---------------+----------------+-----
Fighting       | 4 5 6 |  6.0
Maces & Flails | 4 |  4.4
Dodging        | |  2.1
Invocations    | |  2.0

Action                   |  1- 3 |  4- 6 || total
-------------------------+-------+-------++-------
Melee: Mace              |   122 |   167 ||   289
       Tailslap          |    12 |    19 ||    31
  Use: Scroll            |     5 |     3 ||     8
       Potion            |       |     1 ||     1
 Stab: Sleeping          |       |     1 ||     1
  Eat: Chunk             |     2 |     7 ||     9
Armor: Skin              |    34 |    42 ||    76
Dodge: Dodged            |    71 |   117 ||   188
